 Dungeon Sprint DCSS version 0.22-a0-425-g89d60a1 (webtiles) character file.

5912 raistware the Shatterer (level 10, -7/92 HPs)
             Began as an Ogre Berserker on May 24, 2018.
             Was a High Priest of Trog.
             Killed from afar by an orc sorcerer (28 damage)
             ... with a bolt of fire
             ... in the Dungeon (Sprint IX: "|||||||||||||||||||||||||||||").
             The game lasted 00:08:52 (1303 turns).

raistware the Shatterer (Ogre Berserker)            Turns: 1303, Time: 00:08:53

Health: -7/92      AC:  3    Str: 29    XL:     10   Next: 82%
Magic:  10/10      EV: 10    Int: 13    God:    Trog [*****.]
Gold:   723        SH:  0    Dex:  8    Spells: 9/9 levels left

rFire    . . .     SeeInvis .   u - +10 giant spiked club "Plog" {elec, rPois Int+2}
rCold    . . .     Gourm    .   (shield currently unavailable)
rNeg     . . .     Faith    .   b - +0 animal skin
rPois    +         Spirit   .   (helmet restricted)
rElec    .         Reflect  .   (no cloak)
rCorr    .         Harm     .   (gloves unavailable)
MR       +....     NoTele   +   (boots unavailable)
Stlth    +.........             (no amulet)
HPRegen  0.25/turn              o - +3 ring of intelligence
MPRegen  0.12/turn              p - +3 ring of strength

@: no status effects
A: large, unfitting armour, tough skin 1
a: Berserk, Trog's Hand, Brothers in Arms, Renounce Religion


You were in the Dungeon.
You worshipped Trog.
Trog was extremely pleased with you.
You were very hungry.

You visited 1 branch You collected 723 gold pieces.

Inventory:

Hand Weapons
 n - a +2 dire flail of protection
 u - the +10 giant spiked club "Plog" (weapon) {elec, rPois Int+2}
   (Trog gifted it to you in the Dungeon)

   Occasionally, upon striking a foe, it will discharge some electrical energy
   and cause terrible harm.
   It affects your intelligence (+2).
   It protects you from poison.
 v - a +1 hunting sling of flaming
 y - the +7 giant club of the Foot {crush, Dex+4}
   (Trog gifted it to you in the Dungeon)

   It inflicts extra damage upon your enemies.
   It affects your dexterity (+4).
Armour
 b - a +0 animal skin (worn)
Jewellery
 o - a +3 ring of intelligence (left hand)
 p - a +3 ring of strength (right hand)
 x - an uncursed amulet of rage
Wands
 m - a wand of iceblast (10)
Scrolls
 i - 3 scrolls of blinking
 l - 5 scrolls of remove curse
 r - 2 scrolls of enchant weapon
 s - a scroll of fear
 t - 2 scrolls of enchant armour
 w - a scroll of identify
Potions
 a - 2 potions of resistance
 d - 5 potions of curing
 e - 5 potions of heal wounds
 f - 2 potions of haste
 g - 4 potions of magic
 k - a potion of invisibility
 q - a potion of berserk rage
Comestibles
 c - 11 rations


   Skills:
 - Level 4.0 Fighting
 + Level 21.1 Maces & Flails
 - Level 2.6 Dodging


You had 9 spell levels left.
You didn't know any spells.
Your spell library was empty.

Dungeon Overview and Level Annotations

Branches:
Dungeon (1/1)

Altars:
Cheibriados
Dithmenos
Elyvilon
Fedhas
Gozag
Hepliaklqana
Kikubaaqudgha
Makhleb
Nemelex Xobeh
Okawaru
Qazlal
Ru
Sif Muna
Trog
Uskayaw
Vehumet
Wu Jian
Xom
Yredelemnul
Zin
The Shining One
Beogh
Jiyva
Lugonu


Innate Abilities, Weirdness & Mutations

You are too large for most types of armour.
You have tough skin. (AC +1)


Message History

The orc sorcerer hits you but does no damage.
An orc warrior comes into view. It is wielding a dire flail.
Items here: )) [[ † a battleaxe of flaming; a chain mail; a glaive; a plate armour; an orc corpse You closely miss the orc sorcerer.
The orc warrior shouts!
The orc sorcerer closely misses you.
You closely miss the orc sorcerer.
The orc sorcerer hits you with a dagger.
Your deep troll goes berserk!
You are feeling very hungry.
The orc sorcerer casts a spell at you. The bolt of fire hits you!
* * * LOW HITPOINT WARNING * * *
The bolt of fire hits your deep troll.
An orc comes into view. It is wielding a club.
You swap places.
The orc sorcerer casts a spell at you. The bolt of fire hits your deep troll.
The bolt of fire hits you!
You die...

▓▓▓▓▓▓▓▓▓▓▓▓▓▓▓▓▓▓▓▓▓▓▓▓▓
..))))))))).....@Toooo$.o
▓▓▓▓▓▓▓▓▓▓▓▓▓▓▓▓▓▓▓▓▓▓▓▓▓▓▓▓▓▓▓▓▓
.................................
▓▓▓▓▓▓▓▓▓▓▓▓▓▓▓▓▓▓▓▓▓▓▓▓▓▓▓▓▓▓▓▓▓
..).......÷.†.......÷..÷.....†'..
▓▓▓▓▓▓▓▓▓▓▓▓▓▓▓▓▓▓▓▓▓▓▓▓▓▓▓▓▓▓▓▓▓
.................................
▓▓▓▓▓▓▓▓▓▓▓▓▓▓▓▓▓▓▓▓▓▓▓▓▓▓▓▓▓▓▓▓▓
.....'________________________'.?


You could see an orc sorcerer, 3 orc warriors and a friendly deep troll
(berserk).

Vanquished Creatures
  A hydra (D)
  An elephant (D)
  A gargoyle (D)
  2 blink frogs (D)
  A dream sheep (D)
  2 hippogriffs (D)
  2 wyverns (D)
  A shadow (D)
  2 yaks (D)
  2 water moccasins (D)
  2 orc warriors (D)
  2 porcupines (D)
  2 ogres (D)
  A necrophage (D)
  3 crocodiles (D)
  2 bullfrogs (D)
  A killer bee (D)
  A quasit (D)
  A hound (D)
  4 orc priests (D)
  4 orc wizards (D)
  2 adders (D)
  A shadow imp (D)
  An adder skeleton (D)
  An adder zombie (D)
  A leopard gecko (D)
  5 orcs (D)
  A hobgoblin (D)
  A jackal (D)
  A kobold (D)
  A bat (D)
  A leopard gecko zombie (D)
  A rat (D)
55 creatures vanquished.

Vanquished Creatures (collateral kills)
  3 orc knights (D)
  3 spiny frogs (D)
  A blink frog (D)
  A vampire mosquito (D)
  3 orc warriors (D)
  2 bullfrogs (D)
13 creatures vanquished.

Grand Total: 68 creatures vanquished

Notes
Turn   | Place    | Note
-------+----------+-------------------------------------------
     0 | D        | raistware the Ogre Berserker began the quest for the Orb.
     0 | D        | Reached XP level 1. HP: 24/24 MP: 1/1
     5 | D        | Reached skill level 3 in Maces & Flails
    11 | D        | Reached ** piety under Trog
    12 | D        | Reached skill level 4 in Maces & Flails
   128 | D        | Noticed an ogre
   128 | D        | Noticed an ogre
   131 | D        | Reached skill level 5 in Maces & Flails
   131 | D        | Reached XP level 2. HP: 28/32 MP: 2/2
   136 | D        | Killed an ogre
   136 | D        | Reached *** piety under Trog
   136 | D        | Reached skill level 8 in Maces & Flails
   136 | D        | Reached XP level 3. HP: 39/39 MP: 3/3
   136 | D        | Reached XP level 4. HP: 48/48 MP: 4/4
   146 | D        | Reached skill level 9 in Maces & Flails
   149 | D        | Killed an ogre
   149 | D        | Reached skill level 10 in Maces & Flails
   149 | D        | Reached XP level 5. HP: 43/54 MP: 5/5
   180 | D        | Found a roughly hewn altar of Beogh.
   180 | D        | Found a snail-covered altar of Cheibriados.
   180 | D        | Found a shadowy altar of Dithmenos.
   180 | D        | Found a white marble altar of Elyvilon.
   180 | D        | Found a blossoming altar of Fedhas.
   180 | D        | Found an opulent altar of Gozag.
   181 | D        | Found a hazy altar of Hepliaklqana.
   182 | D        | Found a viscous altar of Jiyva.
   183 | D        | Found an ancient bone altar of Kikubaaqudgha.
   184 | D        | Found a corrupted altar of Lugonu.
   185 | D        | Found a burning altar of Makhleb.
   186 | D        | Found a sparkling altar of Nemelex Xobeh.
   187 | D        | Found an iron altar of Okawaru.
   188 | D        | Found a stormy altar of Qazlal.
   189 | D        | Found a sacrificial altar of Ru.
   190 | D        | Found a deep blue altar of Sif Muna.
   191 | D        | Found a bloodstained altar of Trog.
   192 | D        | Found a hide-covered altar of Uskayaw.
   193 | D        | Found a radiant altar of Vehumet.
   194 | D        | Found an ornate altar of the Wu Jian Council.
   195 | D        | Found a shimmering altar of Xom.
   196 | D        | Found a basalt altar of Yredelemnul.
   197 | D        | Found a glowing silver altar of Zin.
   198 | D        | Found a glowing golden altar of the Shining One.
   226 | D        | Noticed a yak
   227 | D        | Reached **** piety under Trog
   236 | D        | Reached skill level 11 in Maces & Flails
   236 | D        | Reached XP level 6. HP: 54/62 MP: 6/6
   240 | D        | Killed a yak
   240 | D        | Reached skill level 12 in Maces & Flails
   244 | D        | Reached ***** piety under Trog
   251 | D        | Reached skill level 13 in Maces & Flails
   251 | D        | Reached XP level 7. HP: 43/70 MP: 7/7
   380 | D        | Noticed a shadow
   380 | D        | Noticed a gargoyle
   387 | D        | Killed a shadow
   387 | D        | Received a gift from Trog
   395 | D        | Killed a gargoyle
   395 | D        | Reached skill level 15 in Maces & Flails
   395 | D        | Reached XP level 8. HP: 78/78 MP: 8/8
   521 | D        | Noticed a blink frog
   521 | D        | Noticed a wyvern
   521 | D        | Noticed a hippogriff
   527 | D        | Killed a wyvern
   532 | D        | Reached skill level 16 in Maces & Flails
   536 | D        | Killed a hippogriff
   547 | D        | Reached ****** piety under Trog
   547 | D        | Reached skill level 17 in Maces & Flails
   547 | D        | Reached XP level 9. HP: 84/84 MP: 9/9
   550 | D        | Received a gift from Trog
   564 | D        | Got a scorched giant spiked club {god gift}
   565 | D        | Identified the +10 giant spiked club "Plog" {elec, rPois Int+2} (Trog gifted it to you in the Dungeon)
   704 | D        | Noticed an elephant
   704 | D        | Noticed a five-headed hydra
   710 | D        | Reached skill level 18 in Maces & Flails
   715 | D        | Killed an elephant
   717 | D        | Killed a five-headed hydra
   717 | D        | Reached skill level 19 in Maces & Flails
   717 | D        | Reached XP level 10. HP: 77/92 MP: 10/10
   726 | D        | Received a gift from Trog
   893 | D        | Noticed a spiny frog
   893 | D        | Noticed a spiny frog
   908 | D        | Reached skill level 20 in Maces & Flails
   912 | D        | Killed a spiny frog
   914 | D        | Killed a spiny frog
   918 | D        | Noticed a spiny frog
   920 | D        | Killed a spiny frog
  1047 | D        | Received a gift from Trog
  1064 | D        | Received a gift from Trog
  1078 | D        | Got a scorched giant club {god gift}
  1102 | D        | Identified the +7 giant club of the Foot {crush, Dex+4} (Trog gifted it to you in the Dungeon)
  1273 | D        | Noticed an orc knight
  1273 | D        | Noticed an orc knight
  1278 | D        | Killed an orc knight
  1280 | D        | Noticed an orc knight
  1282 | D        | Noticed a sixfirhy
  1283 | D        | Killed an orc knight
  1283 | D        | Noticed an orc sorcerer
  1286 | D        | Killed an orc knight
  1286 | D        | Received a gift from Trog
  1286 | D        | Reached skill level 21 in Maces & Flails
  1303 | D        | Killed from afar by an orc sorcerer

Vault maps used:
D:        linesprint

Skill      XL: |  1  2  3  4  5  6  7  8  9 10 |
---------------+-------------------------------+-----
Maces & Flails | 5 8 10 11 13 15 17 19 21 | 21.1
Fighting       | |  4.0
Dodging        | |  2.6

Action                   |  1- 3 |  4- 6 |  7- 9 | 10-12 || total
-------------------------+-------+-------+-------+-------++-------
Melee: Mace              |    17 |    13 |       |       ||    30
       Dire flail        |       |    25 |    57 |       ||    82
       Giant spiked club |       |       |    10 |    41 ||    51
Invok: Trog's Hand       |       |       |     3 |     2 ||     5
       Berserk           |       |       |     3 |     1 ||     4
       Brothers in Arms  |       |       |       |     4 ||     4
  Use: Potion            |     1 |       |       |       ||     1
  Eat: Chunk             |       |       |     2 |     6 ||     8
Armor: Animal skin       |     4 |     8 |     9 |     3 ||    24
Dodge: Dodged            |     7 |    15 |    15 |    11 ||    48

Table legend:
 A = Spawn XP
 B = Non-spawn XP
 C = Spawn XP percentage of total XP
 D = Spawn monster count
 E = Non-spawn monster count
 F = Spawn count percentage of total count
 G = Total turns spent on level
                    A         B        C        D         E        F      G
               +---------+---------+-------+---------+---------+-------+---------
         Total |       0 |    8446 |   0.0 |       0 |      68 |   0.0 |  1303
               +---------+---------+-------+---------+---------+-------+---------
             D |       0 |    8446 |   0.0 |       0 |      68 |   0.0 |  1303
               +---------+---------+-------+---------+---------+-------+---------
